 Dungeon Crawl Stone Soup version 0.31-a0-180-g519b7de00c (webtiles) character file.

Game seed: 17042384593098062504

23 qw the Shooter (level 2, -3/26 HPs)
             Began as a Naga Hunter on June 19, 2023.
             Slain by Jessica
             ... wielding a +0 club
              (6 damage)
             ... on level 2 of the Dungeon.
             The game lasted 00:00:14 (910 turns).

qw the Shooter (Naga Hunter)                         Turns: 910, Time: 00:00:15

Health: -3/26      AC:  2    Str: 13    XL:     2   Next: 95%
Magic:  0/2        EV:  9    Int:  9    God:
Gold:   20         SH:  0    Dex: 14    Spells: 1/1 levels left

rFire   . . .        Y - +0 shortbow
rCold   . . .        (shield currently unavailable)
rNeg    . . .        c - +0 leather armour
rPois   +            (no helmet)
rElec   .            (no cloak)
rCorr   .            (no gloves)
SInv    +            (no barding)
Will    .....        g - amulet of guardian spirit
Stlth   ++           (no ring)
HPRegen 0.24/turn    (no ring)
MPRegen 0.08/turn

%: guardian spirit
@: short of breath, very slow
A: AC +0, large, see invisible, deformed body, poison resistance, slowness 2,
spit poison 1, naga tail 1
a: Spit Poison


You were on level 2 of the Dungeon.
You visited 1 branch of the dungeon, and saw 2 of its levels.

You collected 20 gold pieces.


Innate Abilities, Weirdness & Mutations

Your serpentine skin is tough. (AC +0)
You have supernaturally acute eyesight. (SInv)
Armour fits poorly on your strangely shaped body.
Your system is resistant to poisons. (rPois)
You cover ground very slowly.
You can spit poison.
You have a snake-like lower body.


   Skills:
 - Level 2.0 Fighting
 + Level 4.4 Ranged Weapons
 - Level 1.5 Dodging
 - Level 1.5 Stealth


You had one spell level left.
You didn't know any spells.
Your spell library was empty.

Inventory:

Hand Weapons
 Y - a +0 shortbow (weapon)
Armour
 c - a +0 leather armour (worn)
Jewellery
 g - an amulet of guardian spirit (around neck)
Potions
 d - a potion of enlightenment {unknown}
 e - a potion of curing {unknown}
 i - a potion of lignification {unknown}
 j - a potion of heal wounds {unknown}

Dungeon Overview and Level Annotations

Branches:
Dungeon (2/15)

Altars:

Annotations:
D:2 Jessica


Message History

The splash of poison hits the dart slug!
The dart slug is poisoned.
You kill the dart slug!
You start resting.
HP restored.
You have got your breath back.
Jessica the Apprentice Sorceress comes into view.
She is wielding a +0 club.
You shoot an arrow. The arrow hits Jessica.
Jessica shouts!
Jessica is moderately wounded.
You shoot an arrow. The arrow barely misses Jessica.
904 ||| INVOKING Spit Poison.
Aiming: Spit Poison (2% risk of failure)
Press: ? - help, Shift-Dir - straight line, f/p - Jessica The splash of poison hits Jessica.
Jessica is heavily wounded.
Jessica mumbles some strange words.
Jessica seems to speed up.
You shoot an arrow. The arrow hits Jessica.
Jessica is almost dead.
You shoot an arrow. The arrow closely misses Jessica.
Jessica gestures at you while chanting. Pain shoots through your body!
You shoot an arrow. The arrow barely misses Jessica.
Jessica gestures at you while chanting. Pain shoots through your body!
You shoot an arrow.
The arrow hits Jessica but does no damage.
Jessica is severely wounded.
You have got your breath back.
Jessica casts a spell.
Jessica blinks!
909 ||| INVOKING Spit Poison.
Aiming: Spit Poison (2% risk of failure)
Press: ? - help, Shift-Dir - straight line, f/p - Jessica The splash of poison misses Jessica.
You shoot an arrow. The arrow hits Jessica.
Jessica is almost dead.
Jessica barely misses you. Jessica hits you with a +0 club.
You die...

###########
########.........#
>....<%..#######.#
########## #.# #.#
#.# #@# #..@..#
#.....# .........
..#..%..##.
#.#.#.....# .. . #
###.... . ......


You could see Jessica (fast).

Vanquished Creatures
  2 dart slugs
  An endoplasm (D:1)
  A giant cockroach (D:1)
  A goblin (D:1)
  3 hobgoblins
  3 jackals (D:1)
  2 ball pythons
  A bat (D:1)
  A kobold (D:1)
  2 rats (D:1)
17 creatures vanquished.

Notes
Turn   | Place    | Note
-------+----------+-------------------------------------------
     0 | D:1      | qw the Naga Hunter began the quest for the Orb.
     0 | D:1      | Reached XP level 1. HP: 19/19 MP: 1/1
     0 | D:1      | 0 ||| qw: Version: 0.3-a-7-ge0c9b40
     0 | D:1      | 0 ||| qw: Game counter: 894
     0 | D:1      | 0 ||| qw: Always use a shield: true
     0 | D:1      | 0 ||| qw: God list: Okawaru
     0 | D:1      | 0 ||| qw: Allow faded altars: false
     0 | D:1      | 0 ||| qw: Do Orc after D:15 true
     0 | D:1      | 0 ||| qw: Do second Lair branch before Depths: true
     0 | D:1      | 0 ||| qw: Lair rune preference: random
     0 | D:1      | 0 ||| qw: Plans: Normal
     0 | D:1      | 0 ||| PLANNING D:1-11
    13 | D:1      | Noticed a minotaur
    17 | D:1      | Noticed a minotaur zombie
    17 | D:1      | Noticed a demigod
    19 | D:1      | Noticed a merfolk zombie
    29 | D:1      | 29 ||| INVOKING Spit Poison.
   109 | D:1      | 109 ||| INVOKING Spit Poison.
   114 | D:1      | 114 ||| INVOKING Spit Poison.
   147 | D:1      | Reached skill level 4 in Ranged Weapons
   147 | D:1      | Reached XP level 2. HP: 26/26 MP: 2/2
   204 | D:1      | Found Uxikyjun's Book Shoppe.
   262 | D:1      | 262 ||| INVOKING Spit Poison.
   294 | D:1      | 294 ||| INVOKING Spit Poison.
   340 | D:1      | 340 ||| INVOKING Spit Poison.
   374 | D:1      | 374 ||| INVOKING Spit Poison.
   474 | D:1      | 474 ||| INVOKING Spit Poison.
   477 | D:1      | 477 ||| INVOKING Spit Poison.
   501 | D:1      | 501 ||| INVOKING Spit Poison.
   863 | D:1      | 863 ||| UPGRADING to amulet of guardian spirit.
   868 | D:1      | 868 ||| READING 2 scrolls labelled XYUMIUSUBE.
   869 | D:1      | 869 ||| READING scroll labelled IGIM LIOWOFET.
   872 | D:1      | 872 ||| DROPPING scroll of immolation.
   873 | D:1      | 873 ||| DROPPING scroll of butterflies.
   878 | D:2      | 878 ||| INVOKING Spit Poison.
   896 | D:2      | 896 ||| INVOKING Spit Poison.
   901 | D:2      | Noticed Jessica
   904 | D:2      | 904 ||| INVOKING Spit Poison.
   907 | D:2      | HP: 2/26 [Jessica/nerve-wracking pain (12)]
   909 | D:2      | 909 ||| INVOKING Spit Poison.
   910 | D:2      | Slain by Jessica

Levels and vault maps discovered:
D:1:      shiori_arrival_whats_in_store_for_you, layout_loops_corners,
          serial_shops, shop
D:2:      layout_loops_ring, minmay_pentomino_s2, uniq_jessica

Skill      XL: |  1 |
---------------+----+-----
Ranged Weapons | 4 |  4.4
Fighting       | |  2.0
Dodging        | |  1.5
Stealth        | |  1.5

Action                     || total
---------------------------++-------
   Fire: Shortbow          ||    32
Ability: Spit Poison       ||    14
    Use: Scroll            ||     2
  Dodge: Dodged            ||    11

Table legend:
 A = Non-vault XP
 B = Vault XP
 C = Vault XP percentage of total XP
 D = Non-vault monster count
 E = Vault monster count
 F = Vault count percentage of total count
                 A         B        C        D         E       F
            +---------+---------+-------+---------+---------+-------
      Total |      33 |       0 |   0.0 |      17 |       0 |   0.0
            +---------+---------+-------+---------+---------+-------
        D:1 |      25 |       0 |   0.0 |      14 |       0 |   0.0
        D:2 |       8 |       0 |   0.0 |       3 |       0 |   0.0
            +---------+---------+-------+---------+---------+-------
